Map: Traitor's Exile

Players

Metasapien - Winner!

  • Race: Zerg Zerg
  • League: Platinum
  • Spawn Location: 12:00

Kswiss - Winner!

  • Race: Protoss Protoss
  • League: Silver
  • Spawn Location: 9:00

A.I. 2 (Very Hard)

  • Race: Zerg Zerg
  • Spawn Location: 5:00

A.I. 3 (Harder)

  • Race: Zerg Zerg
  • Spawn Location: 6:00

VOD

Have the link to the VOD?

Description

Time

  • Played on: Sept. 23, 2017, 2:05 a.m.
  • Length: 18:48
Show
View Real Time Build Order
Export as new Build Order

Metasapien Zerg - Winner!

Build Orders: Pool First 

Get SALT Encoding   

  12  0:11  Drone  
  13  0:27  Spawning Pool  
  13  0:28  Drone  
  13  0:31  Extractor  
  12  0:38  Overlord  
  12  0:43  Drone  
  12  0:49  Drone  
  14  0:56  Drone  
  15  1:08  Drone  
  16  1:12  Drone  
  17  1:31  Hatchery  
  16  1:34  Drone  
  16  1:37  Drone  
  18  1:43  Drone  
  19  1:51  Metabolic Boost  
  19  1:55  Drone  
  20  2:13  Drone  
  21  2:18  Overlord  
  21  2:31  Hatchery  
  20  2:37  Queen  
  22  2:45  Drone  
  23  2:53  Drone x3  
  26  2:59  Zergling x2  
  27  3:06  Extractor  
  27  3:08  Drone  
  27  3:11  Zergling x2  
  28  3:15  Queen  
  30  3:27  Drone x2  
  32  3:28  Overlord  
  32  3:30  Zergling x2  
  33  3:45  Drone  
  33  3:46  Queen  
  36  3:55  Drone x2  
  38  3:56  Drone  
  38  3:59  Pneumatized Carapace  
  39  4:03  Drone  
  39  4:04  Drone x4  
  44  4:11  Roach Warren  
  44  4:14  Drone  
  44  4:15  Drone  
  45  4:21  Overlord  
  45  4:25  Drone  
  45  4:28  Drone  
  47  4:31  Extractor  
  47  4:33  Extractor  
  45  4:43  Lair  
  45  4:45  Spine Crawler  
  44  4:51  Overlord x2  
  44  4:53  Roach x2  
  44  4:54  Roach  
  44  4:58  Drone x3  
  53  5:01  Drone  
  53  5:04  Overlord  
  54  5:07  Overlord  
  54  5:14  Roach x2  
  58  5:17  Drone  
  58  5:18  Drone  
  58  5:19  Drone  
  58  5:20  Drone  
  62  5:23  Drone  
  63  5:28  Drone  
  63  5:29  Drone x2  
  63  5:30  Drone  
  63  5:33  Drone  
  63  5:35  Overlord  
  68  5:37  Drone x2  
  68  5:38  Drone  
  68  5:41  Drone x2  
  73  5:43  Drone  
  73  5:45  Drone  
  73  5:48  Extractor  
  74  5:50  Extractor  
  74  5:52  Hydralisk Den  
  74  5:56  Drone x3  
  74  5:57  Infestation Pit  
  74  6:12  Drone x4  
  74  6:14  Roach x5  
  88  6:25  Drone  
  88  6:28  Hydralisk x3  
  88  6:31  Overlord x3  
  95  6:36  Glial Reconstitution  
  95  6:47  Drone x2, Evolution Chamber  
  95  6:49  Drone x3  
  99  6:54  Hydralisk  
  99  6:55  Roach x2, Hydralisk  
  104  7:13  Drone x2  
  100  7:27  Queen x2  
  100  7:28  Queen, Hatchery  
  105  7:30  Hydralisk  
  105  7:31  Hydralisk x4  
  105  7:32  Roach x2  
  105  7:33  Muscular Augments  
  119  7:40  Evolution Chamber  
  118  7:48  Overseer  
  118  8:03  Zerg Missile Weapons Level 1  
  118  8:07  Zerg Ground Armor Level 1  
  118  8:26  Hydralisk  
  118  8:27  Roach  
  122  8:30  Pathogen Glands  
  122  8:31  Hive  
  122  8:49  Hydralisk x3  
  122  8:59  Drone  
  122  9:01  Hydralisk x3  
  122  9:02  Roach x4, Hydralisk x3  
  123  9:03  Roach x3  
  123  9:04  Overlord x5  
  111  9:10  Hydralisk  
  111  9:11  Roach x2, Hydralisk  
  111  9:12  Zergling x6  
  109  9:33  Unknown  
  105  9:40  Roach, Hydralisk x4  
  105  9:41  Roach x4, Hydralisk x2  
  105  9:42  Roach  
  116  9:58  Drone, Queen  
  119  10:06  Zerg Missile Weapons Level 2  
  119  10:07  Zerg Ground Armor Level 2  
  119  10:09  Queen  
  121  10:16  Drone x2  
  121  10:17  Drone x2  
  125  10:24  Hydralisk  
  125  10:25  Roach x4, Hydralisk x3  
  125  10:26  Infestor x4, Roach  
  125  10:28  Zergling x2  
  152  10:29  Overlord x3  
  152  10:49  Hydralisk x3  
  154  10:50  Hydralisk x3, Roach x3  
  154  10:51  Unknown, Hydralisk, Roach x2  
  154  10:52  Roach  
  154  10:53  Burrow  
  167  11:07  Drone x4  
  171  11:15  Extractor  
  170  11:18  Extractor  
  169  11:27  Hydralisk x2  
  169  11:28  Overlord x3, Roach  
  169  11:29  Overlord x2  
  175  11:37  Hatchery  
  174  11:41  Hydralisk  
  174  11:46  Adrenal Glands  
  166  12:12  Hydralisk x4  
  166  12:13  Hydralisk x2, Roach x7  
  172  12:25  Ravager  
  145  12:40  Hydralisk x3  
  145  12:41  Hydralisk, Roach x4  
  133  13:05  Zerg Missile Weapons Level 3, Zerg Ground Armor Level 3  
  133  13:07  Hydralisk x4  
  133  13:08  Hydralisk x2, Roach x6  
  133  13:09  Roach  
  154  13:14  Queen  
  154  13:22  Drone  
  147  13:50  Overlord x2  
  147  13:52  Extractor  
  144  13:56  Extractor  
  135  14:14  Overseer x2  
  135  14:23  Hydralisk x2  
  135  14:24  Roach x3, Hydralisk x5  
  137  14:25  Roach x4, Hydralisk x4  
  137  14:26  Roach x4, Hydralisk  
  137  14:27  Roach  
  179  14:52  Neural Parasite  
  177  14:54  Infestor, Roach  
  177  14:56  Infestor  
  183  15:04  Ravager  
  183  15:05  Ravager  
  181  15:23  Ravager x2  
  181  15:26  Ravager  
  181  15:27  Ravager  
  185  15:39  Ultralisk Cavern  
  184  16:04  Zerg Melee Weapons Level 1  
  184  16:32  Zergling x22  
  193  16:33  Swarm Host, Zergling x12  
  200  17:38  Hatchery  
  200  17:41  Hatchery x2  
  197  18:04  Unknown  
Show
View Real Time Build Order
Export as new Build Order

Kswiss Protoss - Winner!

Build Orders:  

Get SALT Encoding   

  12  0:08  Probe (Chrono Boost)  
  13  0:18  Probe (Chrono Boost)  
  14  0:24  Pylon  
  14  0:29  Probe (Chrono Boost)  
  15  0:42  Probe (Chrono Boost)  
  16  0:46  Gateway  
  16  0:53  Probe (Chrono Boost)  
  17  1:02  Forge  
  17  1:06  Assimilator  
  17  1:10  Probe (Chrono Boost)  
  18  1:20  Probe (Chrono Boost)  
  19  1:31  Probe (Chrono Boost)  
  20  1:40  Photon Cannon  
  20  1:41  Probe (Chrono Boost)  
  21  1:47  Cybernetics Core  
  21  1:52  Pylon  
  20  2:07  Probe (Chrono Boost), Assimilator  
  21  2:10  Zealot  
  23  2:17  Probe (Chrono Boost)  
  24  2:28  Warp Gate (Chrono Boost)  
  24  2:35  Probe  
  25  2:43  Nexus  
  25  2:47  Probe  
  26  2:55  Zealot  
  28  2:59  Pylon  
  28  3:09  Probe  
  29  3:16  Gateway  
  29  3:26  Robotics Facility  
  29  3:35  Adept  
  29  3:37  Protoss Ground Weapons Level 1 (Chrono Boost)  
  31  3:44  Photon Cannon  
  31  3:56  Photon Cannon  
  31  3:59  Probe  
  32  4:07  Mothership Core  
  32  4:09  Probe  
  35  4:25  Twilight Council  
  35  4:27  Pylon  
  35  4:34  Pylon  
  35  4:39  Probe  
  35  4:41  Probe  
  37  4:51  Probe  
  37  4:52  Probe  
  39  5:00  Sentry  
  39  5:01  Sentry  
  39  5:02  Probe  
  39  5:03  Probe  
  45  5:15  Probe, Pylon  
  46  5:32  Protoss Ground Armor Level 1 (Chrono Boost)  
  46  5:34  Templar Archives  
  46  5:35  Pylon  
  46  5:39  Pylon  
  46  5:41  Probe  
  47  5:50  Robotics Bay  
  47  5:51  Probe  
  47  5:55  Assimilator  
  48  6:02  Probe  
  49  6:06  Assimilator  
  49  6:10  Stalker x2  
  53  6:12  Probe  
  54  6:23  Probe  
  55  6:26  Gateway  
  55  6:33  Probe, Pylon  
  55  6:34  Pylon  
  56  6:44  Probe  
  57  6:54  Probe, Stalker x2  
  58  7:05  Probe  
  51  7:11  Protoss Shields Level 1 (Chrono Boost)  
  49  7:16  Probe  
  49  7:22  Psionic Storm  
  50  7:26  Probe  
  50  7:27  Gateway  
  51  7:30  Gateway  
  51  7:38  Gateway  
  51  7:40  Pylon  
  51  7:47  Pylon  
  51  7:56  Stargate  
  51  8:08  High Templar  
  51  8:09  High Templar  
  51  8:11  High Templar  
  57  8:16  Nexus  
  57  8:19  Resonating Glaives (Chrono Boost)  
  57  8:33  Assimilator  
  57  8:58  Stalker  
  57  8:59  Stalker x2  
  57  9:01  Nexus  
  57  9:13  Protoss Ground Weapons Level 2  
  55  9:21  High Templar x3  
  57  9:33  Archon  
  53  9:43  High Templar  
  53  9:44  High Templar  
  57  9:45  Zealot  
  57  9:50  Archon  
  59  9:59  Colossus (Chrono Boost)  
  65  10:08  Zealot x4  
  73  10:24  Assimilator  
  73  10:27  Probe  
  73  10:28  Assimilator  
  74  10:38  Probe  
  74  10:40  Stalker x2  
  74  10:41  Stalker x4  
  87  10:48  Probe  
  80  10:59  Probe  
  81  11:09  Probe  
  82  11:19  Assimilator  
  82  11:20  Probe  
  82  11:25  Probe  
  83  11:29  Protoss Shields Level 2  
  83  11:30  Probe  
  85  11:35  Probe  
  85  11:37  High Templar x5  
  96  11:40  Zealot  
  96  11:41  Probe  
  96  11:46  Probe  
  99  11:51  Probe  
  95  11:56  Probe  
  84  12:02  Probe  
  84  12:07  Probe  
  66  12:43  High Templar x5  
  66  12:44  High Templar  
  74  12:52  Gateway  
  74  12:54  Gateway  
  74  12:57  Gateway  
  74  13:00  Gateway  
  74  13:04  Pylon  
  74  13:05  Pylon  
  74  13:07  Pylon  
  75  13:23  Probe  
  76  13:30  Probe  
  76  13:31  High Templar x3  
  76  13:32  High Templar x3  
  76  13:33  Probe  
  88  13:35  Archon x2  
  88  13:40  Probe, Archon x2  
  89  13:44  Probe  
  89  13:47  Protoss Ground Weapons Level 3 (Chrono Boost)  
  91  13:51  Probe  
  91  13:54  Protoss Air Armor Level 1  
  91  13:55  Probe  
  92  14:01  Probe  
  93  14:05  Probe, Adept x5  
  93  14:07  Adept  
  107  14:12  Probe  
  108  14:43  Pylon  
  108  15:50  Archon x2  
  106  16:03  Zealot x3  
  110  16:06  Stalker x2  
  110  16:07  Stalker  
  110  16:09  Protoss Ground Armor Level 2 (Chrono Boost), Stalker x2  
  110  16:10  Stalker x2  
  116  16:16  Charge (Chrono Boost)  
  116  16:42  High Templar x2  
  116  16:43  High Templar x5  
  116  16:44  High Templar x3  
  136  17:23  Stalker x4  
  136  17:24  Stalker x4  
  136  17:26  Stalker x2  
  136  17:29  Dark Shrine  
  156  17:38  Mothership Core  
  158  18:08  Adept  
  158  18:10  Adept  
  162  18:14  Stalker x5  
  162  18:15  Stalker  
  162  18:16  Stalker x2  
  178  18:35  Fleet Beacon  
Show
View Real Time Build Order
Export as new Build Order

A.I. 2 (Very Hard) Zerg 

Build Orders: Pool First 

Get SALT Encoding   

  12  0:01  Drone  
  13  0:12  Overlord  
  13  0:18  Drone  
  14  0:30  Drone  
  14  0:31  Drone  
  14  0:34  Drone  
  17  0:49  Spawning Pool  
  16  0:50  Drone  
  17  1:15  Hatchery  
  17  1:17  Drone  
  17  1:21  Extractor  
  17  1:22  Extractor  
  15  1:25  Drone  
  15  1:29  Drone  
  17  1:33  Drone  
  17  1:38  Drone  
  19  1:49  Overlord  
  19  2:01  Queen  
  19  2:07  Zergling x2  
  22  2:12  Drone  
  22  2:21  Drone  
  23  2:34  Queen  
  25  2:40  Drone  
  26  2:45  Drone  
  26  2:49  Drone  
  28  2:54  Drone  
  29  3:07  Roach Warren  
  29  3:09  Drone  
  29  3:13  Drone  
  29  3:15  Zergling x2  
  31  3:20  Zergling x2  
  31  3:25  Overlord  
  32  3:29  Drone  
  32  3:31  Drone  
  34  3:35  Zergling x2  
  34  3:47  Roach x2  
  34  3:48  Roach  
  40  3:52  Roach  
  42  4:00  Lair  
  42  4:05  Overlord  
  42  4:11  Overlord  
  42  4:15  Zergling x2  
  43  4:24  Drone x2, Zergling x4  
  46  4:27  Drone  
  46  4:29  Drone  
  49  4:32  Drone  
  49  4:37  Overlord  
  50  4:42  Roach  
  50  4:45  Roach  
  54  4:48  Roach  
  54  4:52  Roach  
  58  4:55  Overlord  
  58  5:00  Hydralisk Den  
  58  5:06  Drone  
  58  5:08  Drone  
  58  5:10  Drone  
  58  5:12  Drone  
  61  5:14  Drone  
  61  5:16  Drone  
  61  5:18  Drone  
  61  5:20  Drone  
  65  5:22  Drone  
  65  5:26  Overlord  
  66  5:29  Drone  
  66  5:30  Drone  
  66  5:31  Hydralisk  
  66  5:35  Hydralisk  
  72  5:36  Drone  
  72  5:39  Drone  
  74  5:44  Drone  
  74  5:47  Overlord  
  74  5:48  Drone  
  76  5:51  Infestation Pit  
  76  5:52  Drone  
  76  5:54  Drone  
  76  5:56  Drone  
  78  5:58  Roach  
  80  6:05  Overlord  
  80  6:06  Ravager x2, Roach  
  80  6:07  Roach  
  80  6:09  Roach  
  88  6:16  Metabolic Boost  
  88  6:22  Evolution Chamber, Hydralisk  
  88  6:23  Hydralisk  
  88  6:25  Overlord  
  91  6:30  Infestor  
  91  6:31  Infestor  
  95  6:37  Extractor  
  94  6:41  Drone, Extractor  
  94  6:44  Infestor  
  94  6:45  Overlord  
  96  6:49  Zerg Melee Weapons Level 1  
  96  6:54  Evolution Chamber  
  96  6:55  Drone  
  96  6:58  Evolution Chamber, Hatchery  
  96  6:59  Drone x2  
  96  7:00  Drone x3  
  99  7:04  Drone x2  
  99  7:05  Drone  
  99  7:08  Roach  
  103  7:11  Overlord  
  103  7:16  Infestor, Overseer  
  107  7:22  Roach  
  107  7:23  Roach  
  109  7:30  Zerg Missile Weapons Level 1  
  109  7:34  Spine Crawler  
  108  7:37  Spine Crawler  
  108  7:38  Drone  
  108  7:45  Zerg Ground Armor Level 1  
  108  7:49  Overlord, Hydralisk  
  110  7:53  Hydralisk  
  112  8:07  Lurker Den  
  112  8:10  Queen  
  112  8:11  Drone x3  
  112  8:12  Drone x3  
  120  8:13  Overlord, Drone x2  
  120  8:14  Drone  
  120  8:18  Drone x2  
  125  8:21  Drone  
  125  8:26  Drone x2  
  125  8:27  Extractor  
  127  8:28  Drone, Spore Crawler  
  127  8:30  Drone  
  127  8:31  Drone  
  129  8:34  Overlord  
  129  8:35  Drone  
  129  8:37  Drone  
  129  8:38  Drone  
  132  8:41  Spore Crawler  
  132  8:42  Drone  
  132  8:44  Roach  
  132  8:46  Roach  
  135  8:52  Overlord, Drone  
  130  8:56  Hydralisk  
  130  8:57  Drone, Zergling x2  
  130  8:58  Drone, Zergling x4  
  130  9:00  Roach  
  120  9:04  Roach x2  
  120  9:08  Roach  
  111  9:14  Roach  
  111  9:15  Roach  
  115  9:19  Ravager, Zergling x2  
  115  9:21  Ravager  
  116  9:25  Roach, Hive, Hydralisk  
  116  9:29  Hydralisk, Roach  
  124  9:32  Roach  
  124  9:34  Roach  
  124  9:36  Roach  
  124  9:37  Ravager  
  127  9:39  Extractor, Hydralisk  
  127  9:41  Roach  
  119  9:52  Infestor  
  121  9:57  Overseer  
  121  10:06  Infestor  
  120  10:08  Roach  
  120  10:10  Roach  
  120  10:12  Roach  
  120  10:13  Roach  
  130  10:15  Roach  
  130  10:16  Overlord, Roach  
  130  10:18  Roach  
  130  10:20  Roach  
  140  10:21  Roach  
  140  10:22  Spine Crawler  
  140  10:23  Hydralisk  
  140  10:24  Spine Crawler  
  140  10:27  Hydralisk  
  142  10:29  Hydralisk  
  142  10:30  Spine Crawler  
  142  10:32  Spore Crawler  
  142  10:33  Hydralisk  
  142  10:34  Spine Crawler  
  142  10:35  Overlord, Drone  
  144  10:36  Hydralisk  
  144  10:37  Viper  
  144  10:39  Hydralisk  
  144  10:42  Hydralisk  
  151  10:45  Hydralisk  
  151  10:49  Hydralisk  
  157  10:52  Hydralisk  
  157  10:54  Overlord  
  157  10:55  Hydralisk  
  161  10:57  Zergling x2  
  161  10:58  Zergling x4, Overseer  
  161  10:59  Zergling x8  
  161  11:02  Overseer  
  168  11:04  Spore Crawler  
  168  11:07  Spore Crawler  
  168  11:10  Pneumatized Carapace  
  166  11:13  Overlord, Hydralisk  
  166  11:16  Hydralisk  
  170  11:26  Infestor  
  172  11:33  Overlord  
  172  11:35  Infestor  
  174  11:42  Lurker  
  174  11:44  Spore Crawler, Hydralisk  
  176  11:49  Zergling x2, Hatchery  
  176  11:51  Zergling x2  
  176  11:53  Overlord  
  172  11:55  Zergling x2  
  172  11:56  Zergling x2, Hydralisk  
  172  11:57  Zergling x2  
  172  11:58  Lurker, Hydralisk  
  172  12:00  Roach  
  162  12:01  Roach  
  162  12:03  Roach  
  162  12:04  Roach  
  162  12:06  Roach  
  162  12:07  Roach  
  116  12:09  Roach  
  116  12:11  Roach  
  116  12:12  Roach  
  116  12:14  Roach  
  114  12:23  Infestor, Zergling x2  
  114  12:24  Zergling x2, Roach  
  114  12:26  Roach  
  114  12:27  Roach  
  114  12:29  Roach  
  120  12:31  Roach  
  116  12:39  Infestor  
  116  12:42  Roach  
  102  12:45  Roach x2  
  102  12:48  Roach  
  102  12:50  Zergling x4  
  102  12:51  Roach  
  103  12:56  Infestor  
  105  12:58  Roach  
  105  13:00  Roach  
  105  13:01  Roach  
  105  13:02  Drone x3  
  105  13:03  Drone x3, Roach  
  105  13:04  Drone x3  
  105  13:05  Drone x2, Roach  
  120  13:12  Drone  
  111  13:13  Infestor  
  111  13:15  Zergling x2, Roach  
  111  13:17  Zergling x2, Roach  
  111  13:18  Roach  
  109  13:20  Roach  
  109  13:24  Roach  
  109  13:34  Roach  
  104  13:35  Roach  
  104  13:37  Infestor  
  104  13:40  Roach  
  100  13:42  Zergling x2  
  100  13:44  Roach  
  100  13:45  Roach  
  100  13:48  Infestor  
  107  13:57  Infestor  
  107  13:59  Roach  
  107  14:01  Zergling x2, Roach  
  113  14:03  Roach  
  113  14:04  Hatchery  
  106  14:11  Roach  
  106  14:12  Extractor  
  106  14:14  Roach  
  105  14:17  Infestor  
  105  14:21  Roach  
  105  14:22  Roach  
  111  14:24  Roach  
  111  14:27  Roach  
  111  14:29  Zergling x4, Roach  
  117  14:31  Roach  
  117  14:33  Roach  
  107  14:40  Roach  
  103  14:49  Infestor  
  105  14:53  Extractor  
  105  14:58  Roach  
  105  14:59  Roach  
  104  15:08  Infestor  
  104  15:11  Zergling x2, Roach  
  101  15:14  Zergling x2, Roach  
  101  15:17  Roach  
  101  15:19  Roach  
  91  15:21  Roach  
  91  15:24  Roach  
  91  15:27  Roach  
  83  15:29  Drone, Roach  
  83  15:31  Drone  
  76  15:36  Zergling x2  
  76  15:41  Zergling x2  
  63  15:49  Drone  
  51  15:55  Drone  
  39  16:05  Hatchery  
  39  16:07  Zergling x2  
  39  16:08  Extractor  
  12  16:31  Drone  
Show
View Real Time Build Order
Export as new Build Order

A.I. 3 (Harder) Zerg 

Build Orders: Pool First 

Get SALT Encoding   

  12  0:01  Drone  
  13  0:12  Overlord  
  13  0:17  Drone  
  14  0:30  Drone  
  14  0:31  Drone  
  16  0:43  Spawning Pool  
  16  0:46  Drone  
  16  0:50  Drone  
  16  0:53  Extractor  
  16  0:55  Drone  
  17  1:06  Overlord  
  17  1:31  Queen, Zergling x2  
  20  1:38  Drone  
  20  1:39  Roach Warren  
  20  1:41  Extractor  
  20  1:43  Zergling x2  
  20  1:49  Drone  
  21  2:00  Drone  
  22  2:10  Overlord  
  22  2:21  Drone  
  23  2:32  Roach  
  25  2:38  Drone  
  26  2:44  Roach  
  26  2:45  Overlord  
  28  2:56  Roach  
  30  3:08  Roach  
  30  3:11  Overlord  
  32  3:18  Drone  
  33  3:21  Roach  
  33  3:22  Drone  
  33  3:26  Drone  
  37  3:33  Ravager x3  
  40  3:35  Ravager  
  40  3:36  Roach  
  43  3:45  Overlord  
  43  3:48  Roach  
  45  3:58  Drone  
  45  4:01  Roach  
  48  4:03  Drone  
  49  4:13  Drone, Baneling Nest, Roach  
  49  4:14  Drone  
  52  4:20  Overlord  
  52  4:25  Evolution Chamber, Roach  
  53  4:35  Drone  
  54  4:45  Roach  
  56  6:31  Lair, Zerg Melee Weapons Level 1  
  56  6:32  Overlord  
  56  6:33  Spore Crawler  
  56  6:35  Spore Crawler  
  56  6:37  Drone, Evolution Chamber  
  53  6:44  Hatchery  
  53  6:45  Drone  
  53  6:56  Zergling x2  
  53  6:59  Spine Crawler  
  50  7:01  Spine Crawler  
  50  7:02  Zerg Ground Armor Level 1  
  45  7:14  Roach  
  32  7:22  Roach  
  29  7:28  Queen  
  31  7:30  Roach  
  31  7:32  Hydralisk Den  
  31  7:33  Drone  
  33  7:38  Roach  
  35  7:46  Ravager, Roach  
  38  7:54  Ravager  
  38  7:55  Roach  
  38  7:56  Drone, Burrow, Overseer  
  38  7:57  Drone x2  
  38  7:58  Drone x3, Overseer  
  46  7:59  Drone  
  46  8:00  Drone  
  46  8:01  Drone  
  46  8:02  Hydralisk  
  46  8:03  Ravager  
  53  8:06  Extractor  
  53  8:09  Drone  
  53  8:10  Hydralisk  
  53  8:11  Spore Crawler  
  54  8:14  Drone  
  54  8:17  Drone  
  56  8:21  Drone  
  56  8:26  Zerg Missile Weapons Level 1  
  57  8:27  Drone, Roach  
  57  8:29  Drone  
  57  8:31  Drone  
  57  8:34  Drone  
  63  8:38  Drone  
  64  8:43  Drone  
  65  8:49  Drone  
  65  8:53  Hydralisk  
  68  8:57  Hydralisk  
  68  9:01  Hydralisk  
  68  9:02  Spore Crawler  
  69  9:03  Drone  
  69  9:07  Queen  
  69  9:09  Roach, Hydralisk  
  74  9:15  Overlord  
  72  9:18  Roach  
  72  9:20  Infestation Pit  
  72  9:21  Drone  
  71  9:26  Roach  
  73  9:32  Spine Crawler  
  73  9:33  Drone  
  73  9:34  Zergling x2  
  73  9:37  Spine Crawler  
  73  9:38  Drone  
  74  9:41  Hydralisk  
  73  9:47  Spire  
  73  9:49  Drone, Ravager  
  73  9:51  Roach  
  76  10:22  Extractor  
  76  10:23  Drone  
  76  10:31  Infestor  
  76  10:32  Pneumatized Carapace, Hive  
  78  10:38  Hatchery  
  77  10:44  Zergling x2  
  77  10:45  Overseer  
  62  11:00  Corruptor  
  50  11:06  Hydralisk  
  52  11:12  Overseer  
  52  11:14  Roach  
  54  11:19  Hydralisk  
  58  11:25  Roach  
  58  11:29  Overseer  
  58  11:31  Roach  
  60  11:36  Drone, Hydralisk  
  63  11:42  Hydralisk  
  63  11:45  Greater Spire  
  65  11:51  Drone x2  
  65  11:52  Overlord, Drone x3  
  65  11:54  Drone  
  71  11:56  Drone, Extractor  
  71  12:00  Roach  
  71  12:05  Infestor  
  71  12:07  Drone, Extractor  
  73  12:10  Drone x2  
  73  12:11  Overlord, Drone  
  73  12:13  Roach  
  73  12:19  Zergling x2  
  64  12:24  Hydralisk  
  64  12:29  Infestor  
  64  12:30  Hydralisk  
  64  12:31  Lair  
  64  12:42  Overlord  
  61  13:00  Overlord, Roach  
  63  13:05  Corruptor  
  65  13:14  Overseer  
  65  13:18  Overlord, Zergling x2  
  66  13:24  Roach  
  64  13:29  Hydralisk  
  64  13:30  Infestor  
  66  13:36  Overlord  
  66  13:37  Hydralisk  
  66  13:41  Overseer  
  68  13:42  Hydralisk  
  68  13:43  Roach  
  68  13:46  Zerg Melee Weapons Level 2  
  70  13:49  Hydralisk  
  70  13:54  Hatchery  
  70  13:55  Overlord, Zergling x2  
  69  13:57  Overlord  
  63  14:04  Roach  
  63  14:08  Overlord  
  54  14:20  Roach  
  48  14:25  Corruptor  
  48  14:27  Overlord  
  48  14:30  Overseer  
  48  14:35  Evolution Chamber  
  48  14:38  Roach  
  46  14:40  Queen  
  46  14:41  Zergling x2  
  46  14:44  Roach  
  42  14:46  Mutalisk, Roach x2  
  42  14:47  Roach  
  42  14:49  Overseer  
  47  15:00  Roach  
  47  15:01  Roach  
  47  15:05  Mutalisk  
  48  15:09  Drone x2, Mutalisk  
  48  15:10  Overlord, Spawning Pool  
  42  15:16  Drone x2  
  42  15:20  Drone  
  33  15:25  Corruptor  
  24  15:29  Drone  
  24  15:32  Hatchery  
  24  15:34  Drone  
  18  15:57  Lair  
  18  16:47  Drone x2  
  20  16:50  Spawning Pool  
  17  16:57  Drone  
  17  16:58  Spire  
  17  17:00  Infestation Pit  
  16  17:17  Drone  
  16  17:22  Drone  
  18  17:28  Drone  
  19  17:34  Drone  
  19  17:37  Queen  
  19  18:07  Drone x2, Zergling x2  
  19  18:08  Zergling x2  
  22  18:13  Corruptor  
Tags
 
Add a new tag
Caveats
  • Supply blocks, unpowered buildings, or Contaminate may cause inaccurate times.
  • Supply counts are checked every 10 seconds.